 Dungeon Crawl Stone Soup version 0.17-a0-910-ga669010 (webtiles) character file.

103136 oplop the Eclecticist (level 15, -10/80 HPs)
             Began as a Spriggan Enchanter on May 2, 2015.
             Was the Champion of Ashenzari.
             Mangled by a very large slime creature (60 damage)
             ... on level 15 of the Dungeon.
             The game lasted 01:16:54 (24238 turns).

oplop the Eclecticist (Spriggan Enchanter)         Turns: 24238, Time: 01:16:54

Health: -10/80     AC: 13    Str:  4    XL:     15   Next: 88%
Magic:  40/45      EV: 31    Int: 31    God:    Ashenzari [******]
Gold:   1793       SH: 10    Dex: 17    Spells: 9 memorised, 20 levels left

rFire  . . .     SeeInvis +     X - +10 dagger "Goaf" {pain, *Rage rC+ MP+9 Int+3} (curse)
rCold  + + .     Clarity  +     x - +2 robe {rC+} (curse)
rNeg   . . .     SustAb   .     N - +2 buckler (curse)
rPois  +         Gourm    .     Z - +0 hat (curse)
rElec  .         Spirit   .     c - +0 cloak
rCorr  .         Warding  .     (gloves unavailable)
rMut   .         Stasis   .     (boots unavailable)
MR     ++...                    (no amulet)
Stlth  +++++++...               Y - ring of Robustness {AC+8}
                                p - +5 ring of intelligence (curse)

@: deflect missiles, very quick, very resistant to hostile enchantments,
extremely stealthy
A: unfitting armour, see invisible, deterioration 1, herbivore 3, speed 3,
poison resistance, slow metabolism 2, spit poison 1, wild magic 1
a: Spit Poison, Scrying, Transfer Knowledge, Renounce Religion


You were on level 15 of the Dungeon.
You worshipped Ashenzari.
Ashenzari was exalted by your worship.
You were not hungry.

You visited 2 branches of the dungeon, and saw 23 of its levels.
You also visited: Ice Cave.

You collected 1793 gold pieces.

Inventory:

Hand weapons
 X - the cursed +10 dagger "Goaf" (weapon) {pain, *Rage rC+ MP+9 Int+3}
   (You found it on level 10 of the Dungeon)

   In the hands of one skilled in necromantic magic, it inflicts extra damage on
   living creatures.
   It affects your intelligence (+3).
   It protects you from cold.
   It affects your magic capacity (+9).
   It may make you go berserk in combat.
   It has a curse placed upon it.
Missiles
 H - 13 curare-tipped needles
Armour
 c - a +0 cloak (worn)
 x - a cursed +2 robe of cold resistance (worn)
 E - a +2 buckler of positive energy
 N - a cursed +2 buckler (worn)
 Z - a cursed +0 hat (worn)
Jewellery
 m - a cursed ring of wizardry
 p - a cursed +5 ring of intelligence (left hand)
 J - an uncursed ring of protection from fire
 T - an uncursed amulet of guardian spirit
 V - an uncursed ring of protection from magic
 Y - the ring of Robustness (right hand) {AC+8}
   (You found it on level 10 of the Dungeon)

   [ring of protection]

   It affects your AC (+8).
Magical devices
 k - a wand of paralysis (10)
 o - a wand of invisibility (4)
 r - a wand of flame (21)
 t - a wand of invisibility (7)
 F - a wand of digging (13)
 M - a wand of heal wounds (3)
 U - a wand of digging (12)
Scrolls
 a - 2 scrolls of curse jewellery
 f - a scroll of enchant weapon
 h - 2 scrolls of curse weapon
 i - 14 scrolls of teleportation
 j - 2 scrolls of recharging
 n - 10 scrolls of enchant armour
 s - 3 scrolls of amnesia
 u - 3 scrolls of remove curse
 y - 3 scrolls of identify
 K - a scroll of holy word
 L - 3 scrolls of immolation
 R - 2 scrolls of blinking
Potions
 b - 2 potions of resistance
 e - a potion of heal wounds
 g - 4 potions of invisibility
 l - 2 potions of flight
 q - 3 potions of brilliance
 v - 4 potions of agility
 w - 5 potions of haste
 z - 5 potions of curing
 A - a potion of cancellation
 D - a potion of lignification
 I - 3 potions of might
 Q - a potion of cure mutation
Books
 S - a Young Poisoner's Handbook

   Spells                             Type                      Level
   a - Sting                          Conjuration/Poison           1
   b - Cure Poison                    Poison                       2
   c - Mephitic Cloud                 Conjuration/Poison/Air       3
   d - Olgreb's Toxic Radiance        Poison                       4
   e - Venom Bolt                     Conjuration/Poison           5
 W - a book of Changes

   Spells                             Type                      Level
   a - Beastly Appendage              Transmutation                1
   b - Sticks to Snakes               Transmutation                2
   c - Spider Form                    Transmutation/Poison         3
   d - Ice Form                       Ice/Transmutation            4
   e - Blade Hands                    Transmutation                5
Comestibles
 d - 18 bread rations
 G - 7 fruits


   Skills:
 + Level 10.0 Fighting
 - Level 8.5(12.9) Short Blades
 + Level 12.6(15.3) Dodging
 - Level 11.3(14.0) Stealth
 - Level 5.7(8.8) Shields
 + Level 16.2 Spellcasting
 - Level 10.0 Hexes
 - Level 13.5 Charms
 - Level 10.2 Necromancy


You had 20 spell levels left.
You knew the following spells:

 Your Spells              Type           Power        Failure   Level  Hunger
a - Dazzling Spray        Conj/Hex       ######..     3%          3    None
b - Ensorcelled Hibernat  Hex/Ice        ######       2%          2    None
c - Confuse               Hex            #######.     1%          3    None
d - Tukima's Dance        Hex            #######.     1%          3    None
e - Deflect Missiles      Chrm/Air       #######...   34%         6    ##.....
f - Animate Skeleton      Necr           N/A          1%          1    None
g - Haste                 Chrm           ########     3%          6    ##.....
h - Apportation           Tloc           #####.....   4%          1    None
i - Summon Butterflies    Summ           #####...     4%          1    None


Dungeon Overview and Level Annotations

Branches:
Dungeon (15/15)            Temple (0/1) D:4            Lair (8/8) D:9
 Shoals (0/4) Lair:6       Spider (0/4) Lair:5        Slime (0/6) Lair:6
    Orc (0/4) D:10         Vaults (0/5) D:13
 Depths: D:15

Altars:
Ashenzari
Cheibriados
Fedhas
Kikubaaqudgha
Okawaru
Trog
Xom
Zin
The Shining One
Jiyva

Shops:
D:10 =   D:13 [

Annotations:
D:4 Viceroy's ghost, average GrEE
D:9 1 runed door
D:12 exclusion: ice statue
Lair:6 exclusion: oklob plant


Innate Abilities, Weirdness & Mutations

You are tiny and cannot use many weapons and most armour.
You have supernaturally acute eyesight.
You are a herbivore.
You cover ground extremely quickly.
You need consume almost no food.
Your body sometimes deteriorates upon taking damage.
Your system is resistant to poisons.
You can spit weak poison.
Your spells are a little harder to cast, but a little more powerful.


Message History

You block the very large slime creature's attack.
You puncture the very large slime creature!
The very large slime creature writhes in agony.
The very large slime creature is heavily wounded.
You hit the very large slime creature.
The very large slime creature writhes in agony.
The very large slime creature is severely wounded.
The very large slime creature misses you.
You puncture the very large slime creature!
The very large slime creature writhes in agony.
The very large slime creature is severely wounded.
Casting: Dazzling Spray
Confirm with . or Enter, or press ? or * to list all spells.
Aiming: Ensorcelled Hibernation
Press: ? - help, Shift-Dir - straight line, f - very large slime creature
Aim: a very large slime creature (severely wounded, chance 55%)
The very large slime creature resists with some effort.
The very large slime creature hits you!!!
Ouch! That really hurt!
You die...

#.......(†#............#.##.###
#.....<...#####.##..##........#
#####+##.....##.....##.#.......
#........#####.....#...##.# *
*#.##.##.J#...#.........##.#
*,,..,#........#.....#.##.....#
* ###.#......#.#.#.#.#.##.....#
, #.....#..J...#......#..##.#
#.......#.#.#.@......###...##.#
####.#.#.#.....)##..# ##.###.#
#...#.#...##.#...# #.# #.#
#####....###.#.#.####+###'#
#.......##.....).........
#............#.###......^
#........#####'###.......
#........# #............
#........# #............


You could see a very large slime creature.

Vanquished Creatures
  Gastronok (Lair:3)
  A frost giant (IceCv)
  Nessos (D:14)
  Azrael (D:12)
  Josephine (D:12)
  A great orb of eyes (D:13)
  3 centaur warriors
  9 hydras
  10 death yaks
  The ghost of Mygna the Tainter, a powerful FoHu of Okawaru (Lair:1)
  4 tengu warriors
  Sonja (D:15)
  4 unseen horrors
  A wizard (D:13)
  An ice statue (IceCv)
  5 hill giants
  A necromancer (D:13)
  3 griffons
  2 cyclopes
  19 elephants
  6 slime creatures
  15 ugly things
  2 centaur zombies (D:15)
  A black mamba (shapeshifter) (D:15)
  3 gargoyles
  A torpor snail (Lair:5)
  A kobold demonologist (D:13)
  8 komodo dragons
  2 efreet
  4 black mambas
  3 centaur skeletons
  A redback zombie (D:13)
  2 fire drakes (Lair:8)
  18 spiny frogs
  3 trolls
  The ghost of 4thArraOfDagon the Lightning Rod, an average TrCj of Qazlal (D:6)
  A tengu conjurer (D:13)
  A merfolk (Lair:6)
  17 polar bears
  A queen bee (shapeshifter) (D:12)
  37 blink frogs
  A jumping spider (Lair:5)
  5 ravens
  4 wraiths (D:12)
  2 deep elf magi
  66 yaks
  3 basilisks
  A wyvern (D:11)
  A redback (Lair:5)
  A steam dragon (D:11)
  2 fire elementals (D:12)
  9 hippogriffs
  18 vampire mosquitoes
  8 porcupines
  13 water moccasins
  29 wolves
  A soldier ant (D:12)
  2 hell hounds (D:12)
  3 black bears
  A wasp (D:10)
  13 ice beasts
  2 spiders (Lair:5)
  2 eyes of draining
  4 sky beasts
  16 centaurs
  A phantom (D:8)
  An ogre (D:4)
  12 crocodiles
  2 orc warriors
  A boggart (D:12)
  35 giant frogs
  2 big kobolds
  2 scorpions
  16 killer bees
  2 wights
  A jelly (D:13)
  3 electric eels
  5 crimson imps
  A quasit (D:14)
  A giant frog zombie (D:12)
  2 goliath beetles (D:9)
  A wasp zombie (D:12)
  An orc priest (D:9)
  5 hounds
  6 giant frog skeletons
  5 worker ants
  12 sheep
  6 iguanas
  A worker ant zombie (D:9)
  7 adders
  57 river rats
  A white imp (D:12)
  3 shadow imps
  3 oozes
  2 adder zombies
  3 worms
  13 orcs
  A ball python (D:3)
  16 bats
  2 bat skeletons
  A bat zombie (D:6)
  10 giant cockroaches
  9 hobgoblins
  15 jackals
  25 kobolds
  5 quokkas
  4 giant geckos
  A giant gecko skeleton (D:4)
  4 giant newts
  3 giant spores
  8 goblins
  A quokka skeleton (D:8)
  2 quokka zombies (D:8)
  8 rats
  6 ballistomycetes
  A fungus (Lair:8)
740 creatures vanquished.

Vanquished Creatures (collateral kills)
  Erica (D:11)
  2 tengu warriors (D:14)
  Urug (D:11)
  A hill giant (D:13)
  A siren (Lair:6)
  2 merfolk (Lair:6)
  A two-headed ogre (D:13)
  A raven (D:13)
  A human (D:7)
  A mottled dragon (D:13)
  2 ogres
  A killer bee (D:9)
  A scorpion (D:11)
  11 wights
  5 orc priests
  A centaur zombie (D:11)
  3 orc wizards
  11 orcs
47 creatures vanquished.

Vanquished Creatures (others)
  A raven (D:14)
  3 centaurs (D:15)
  An orc (D:7)
  A ballistomycete (D:9)
  2 fungi (Lair:8)
  A plant (Lair:8)
9 creatures vanquished.

Grand Total: 796 creatures vanquished

Notes
Turn   | Place    | Note
--------------------------------------------------------------
     0 | D:1      | oplop, the Spriggan Enchanter, began the quest for the Orb.
     0 | D:1      | Reached XP level 1. HP: 9/9 MP: 5/5
   276 | D:1      | Found a shattered altar of Ashenzari.
   286 | D:1      | Became a worshipper of Ashenzari the Shackled
   391 | D:1      | Reached XP level 2. HP: 9/14 MP: 3/6
  1034 | D:1      | Learned a level 2 spell: Ensorcelled Hibernation
  1101 | D:2      | Reached skill level 1 in Fighting
  1129 | D:2      | Reached XP level 3. HP: 6/18 MP: 0/8
  1829 | D:2      | Noticed a moth of wrath
  1831 | D:2      | Found a bloodstained altar of Trog.
  1973 | D:3      | Found a snail-covered altar of Cheibriados.
  2379 | D:3      | Reached XP level 4. HP: 22/22 MP: 9/9
  2803 | D:4      | Noticed Viceroy's ghost (average GrEE)
  2838 | D:4      | Learned a level 3 spell: Confuse
  2946 | D:4      | Found a staircase to the Ecumenical Temple.
  3223 | D:4      | Reached XP level 5. HP: 9/25 MP: 2/11
  3401 | D:4      | Reached skill level 5 in Hexes
  3488 | D:4      | Noticed an ogre
  3494 | D:4      | Learned a level 3 spell: Tukima's Dance
  3832 | D:4      | Reached skill level 5 in Dodging
  3978 | D:4      | Killed an ogre
  3978 | D:4      | Reached XP level 6. HP: 30/30 MP: 11/13
  4047 | D:5      | Entered Level 5 of the Dungeon
  4935 | D:6      | Found an ancient bone altar of Kikubaaqudgha.
  4935 | D:6      | Found a shimmering altar of Xom.
  4936 | D:6      | Found a glowing silver altar of Zin.
  4987 | D:6      | Reached skill level 6 in Dodging
  4987 | D:6      | Reached XP level 7. HP: 35/35 MP: 9/15
  5183 | D:6      | Reached skill level 5 in Spellcasting
  5220 | D:6      | Noticed 4thArraOfDagon's ghost (average TrCj)
  5270 | D:6      | HP: 1/36 [4thArraOfDagon's ghost/magic dart (8)]
  5592 | D:6      | Killed 4thArraOfDagon's ghost
  5660 | D:6      | Reached skill level 7 in Dodging
  5738 | D:6      | Reached XP level 8. HP: 26/41 MP: 2/17
  5983 | D:6      | Reached skill level 8 in Dodging
  6097 | D:7      | Found a blossoming altar of Fedhas.
  6593 | D:7      | Reached skill level 5 in Stealth
  7032 | D:8      | Reached XP level 9. HP: 37/45 MP: 14/20
  7248 | D:8      | Noticed an eight-headed hydra
  7249 | D:8      | Noticed a komodo dragon
  7320 | D:8      | Killed an eight-headed hydra
  7625 | D:8      | Reached skill level 9 in Hexes
  7636 | D:8      | Reached skill level 5 in Short Blades
  7734 | D:8      | Found an iron altar of Okawaru.
  7908 | D:8      | Killed a komodo dragon
  8052 | D:8      | Learned a level 3 spell: Dazzling Spray
  8214 | D:9      | Found a runed door.
  8214 | D:9      | Noticed an angel
  8222 | D:9      | Found a glowing silver altar of Zin.
  8254 | D:9      | Identified the +1 robe of Grot {+Inv rCorr Stlth-}
  8254 | D:9      | Acquired Ashenzari's first power
  8298 | D:9      | Reached XP level 10. HP: 49/49 MP: 23/23
  8596 | D:9      | Identified the +9 long sword "Qymoysch" {antimagic, rPois rC++ MP-9 Dex+2}
  8606 | D:9      | Found a staircase to the Lair.
  8606 | D:9      | Noticed an elephant
  8890 | D:9      | Killed an elephant
  8890 | D:9      | Reached skill level 1 in Shields
  8937 | D:9      | Reached skill level 10 in Hexes
  9349 | D:10     | Entered Level 10 of the Dungeon
  9425 | D:10     | Found a staircase to the Orcish Mines.
  9581 | D:10     | Found Ugifych's Jewellery Shop.
  9831 | D:10     | Reached skill level 10 in Spellcasting
 10078 | D:10     | Noticed a hill giant
 10085 | D:10     | Killed a hill giant
 10112 | D:10     | Identified the +1 mace of Fortitude {venom, rF+ Str+3 Int+2}
 10421 | D:11     | Noticed an unseen horror
 10444 | D:11     | Killed an unseen horror
 10469 | D:11     | Noticed Urug
 10481 | D:11     | Killed Urug
 10481 | D:11     | Reached XP level 11. HP: 37/53 MP: 26/26
 10641 | D:11     | Noticed Erica
 10650 | D:11     | Killed Erica
 11291 | D:12     | Acquired Ashenzari's second power
 11324 | D:12     | Noticed an unseen horror
 11336 | D:12     | Killed an unseen horror
 11373 | D:12     | Reached skill level 5 in Shields
 11445 | D:12     | Noticed a hill giant
 11577 | D:12     | Reached skill level 11 in Spellcasting
 11589 | D:12     | Noticed an ice devil
 11593 | D:12     | Noticed an ice statue
 11597 | D:12     | Noticed Azrael
 11754 | Lair:1   | Entered Level 1 of the Lair of Beasts
 11854 | Lair:1   | Identified the +1 ring mail "Jashrue" {rC- Dex+6} (You found it on level 4 of the Dungeon)
 11971 | D:10     | Learned a level 6 spell: Deflect Missiles
 11979 | D:10     | Identified the +10 dagger "Goaf" {pain, *Rage rC+ MP+9 Int+3}
 12023 | D:10     | Learned a level 1 spell: Animate Skeleton
 12204 | Lair:1   | Noticed Mygna's ghost (powerful FoHu)
 12219 | Lair:1   | Killed Mygna's ghost
 12219 | Lair:1   | Reached skill level 1 in Charms
 12219 | Lair:1   | Reached skill level 1 in Necromancy
 12263 | Lair:1   | Acquired Ashenzari's third power
 12318 | Lair:1   | Noticed a four-headed hydra
 12325 | Lair:1   | Killed a four-headed hydra
 12325 | Lair:1   | Reached skill level 10 in Stealth
 12735 | Lair:2   | Reached skill level 5 in Fighting
 12796 | Lair:2   | Reached XP level 12. HP: 45/60 MP: 27/28
 13491 | Lair:3   | Reached skill level 5 in Charms
 13654 | Lair:3   | Noticed a four-headed hydra
 13665 | Lair:3   | Killed a four-headed hydra
 13688 | Lair:3   | Noticed a six-headed hydra
 13700 | Lair:3   | Killed a six-headed hydra
 13703 | Lair:3   | Acquired Ashenzari's fourth power
 13709 | Lair:3   | Noticed Gastronok
 13716 | Lair:3   | Killed Gastronok
 14189 | Lair:3   | Noticed a seven-headed hydra
 14196 | Lair:3   | Killed a seven-headed hydra
 14241 | Lair:3   | Noticed a five-headed hydra
 14253 | Lair:3   | Killed a five-headed hydra
 14683 | Lair:4   | Found a frozen archway.
 14753 | IceCv    | Entered an ice cave
 14780 | IceCv    | Reached skill level 12 in Spellcasting
 14807 | IceCv    | Reached skill level 5 in Necromancy
 15003 | IceCv    | Reached XP level 13. HP: 54/66 MP: 7/30
 15561 | IceCv    | Noticed a frost giant
 15565 | IceCv    | Killed a frost giant
 15604 | IceCv    | Reached skill level 13 in Spellcasting
 15787 | Lair:4   | Reached skill level 10 in Charms
 16922 | Lair:5   | Reached XP level 14. HP: 63/73 MP: 25/32
 16950 | Lair:5   | Found a labyrinth entrance.
 17065 | Lair:5   | Found a hole to the Spider Nest.
 17215 | Lair:5   | Gained mutation: Your system is resistant to poisons. [potion of mutation]
 17215 | Lair:5   | Gained mutation: Your body sometimes deteriorates upon taking damage. [potion of mutation]
 17215 | Lair:5   | Gained mutation: You can spit weak poison. [potion of mutation]
 17683 | Lair:6   | Found a viscous altar of Jiyva.
 17683 | Lair:6   | Found a staircase to the Slime Pits.
 17855 | Lair:6   | Found a staircase to the Shoals.
 18311 | Lair:7   | Reached skill level 14 in Spellcasting
 19048 | Lair:8   | Entered Level 8 of the Lair of Beasts
 20588 | Lair:1   | Learned a level 6 spell: Haste
 20590 | Lair:1   | Learned a level 1 spell: Apportation
 20676 | D:12     | Noticed a seven-headed hydra
 20777 | D:12     | Killed Azrael
 20804 | D:12     | Noticed Josephine
 20816 | D:12     | Killed Josephine
 20816 | D:12     | Reached XP level 15. HP: 41/79 MP: 7/34
 21009 | D:12     | Identified the cursed +1 scale mail of the City {+Inv +Fly rElec Str-3} (You found it on level 1 of the Lair of Beasts)
 21289 | D:12     | Killed a seven-headed hydra
 21289 | D:12     | Reached skill level 10 in Dodging
 21289 | D:12     | Reached skill level 15 in Spellcasting
 21696 | D:13     | Found a gate to the Vaults.
 21802 | D:13     | Found Besus's Antique Armour Shop.
 21816 | D:13     | Reached skill level 10 in Necromancy
 21838 | D:13     | Learned a level 1 spell: Summon Butterflies
 22568 | D:14     | Noticed Nessos
 22587 | D:14     | Killed Nessos
 23061 | D:14     | Found a glowing golden altar of the Shining One.
 23386 | D:15     | Entered Level 15 of the Dungeon
 23430 | D:15     | Noticed Sonja
 23460 | D:15     | Reached skill level 16 in Spellcasting
 23486 | D:15     | Killed Sonja
 23690 | D:15     | Gained mutation: Your spells are a little harder to cast, but a little more powerful. [potion of beneficial mutation]
 23793 | D:15     | Reached skill level 10 in Fighting
 24238 | D:15     | Mangled by a very large slime creature

Action                   |  1- 3 |  4- 6 |  7- 9 | 10-12 | 13-15 || total
-------------------------+-------+-------+-------+-------+-------++-------
Melee: Dagger            |   142 |   119 |   328 |   532 |  1205 ||  2326
 Cast: Corona            |    14 |       |       |       |       ||    14
       Ensorcelled Hiber |     9 |    23 |    41 |    60 |   140 ||   273
       Confuse           |       |     4 |    34 |    59 |    50 ||   147
       Tukima's Dance    |       |     1 |     8 |    26 |    21 ||    56
       Dazzling Spray    |       |       |       |    25 |   100 ||   125
       Deflect Missiles  |       |       |       |       |     2 ||     2
Invok: Scrying           |       |       |       |     2 |       ||     2
Evoke: Wand              |       |       |     1 |     4 |     4 ||     9
  Use: Scroll            |       |       |    20 |    13 |     9 ||    42
       Potion            |       |       |       |     1 |     3 ||     4
 Stab: Sleeping          |    15 |    18 |    22 |    63 |   162 ||   280
       Confused          |       |     4 |    18 |    34 |    25 ||    81
       Distracted        |       |       |     2 |     4 |     5 ||    11
       Invisible         |       |       |     6 |     9 |    38 ||    53
  Eat: Fruit             |       |     2 |     3 |     2 |     7 ||    14
       Pizza             |       |       |     1 |     4 |     2 ||     7
